 Dungeon Crawl Stone Soup version 0.25.0-26-g0c896c7088 (webtiles) character file.

Game seed: 5936510750818673713

263 xccam the Cutter (level 6, -6/36 HPs)
             Began as a Tengu Assassin on July 2, 2020.
             Killed by divine providence
             ... invoked by an orc priest
              (16 damage)
             ... on level 4 of the Dungeon.
             The game lasted 00:03:59 (3941 turns).

xccam the Cutter (Tengu Assassin)                   Turns: 3941, Time: 00:04:00

Health: -6/36      AC:  7    Str: 11    XL:     6   Next: 19%
Magic:  7/7        EV: 11    Int: 12    God:
Gold:   246        SH:  0    Dex: 17    Spells: 5/5 levels left

rFire    . . .     SeeInvis +   a - +2 dagger
rCold    . . .     Gourm    .   (no shield)
rNeg     . . .     Faith    +   h - +0 ring mail
rPois    .         Spirit   .   (helmet restricted)
rElec    .         Reflect  .   c - +0 cloak
rCorr    .         Harm     .   q - +0 pair of gloves
MR       .....                  (boots unavailable)
Stlth    ++........             j - amulet of faith
HPRegen  0.12/turn              g - ring of see invisible
MPRegen  0.10/turn              (no ring)

@: no status effects
A: beak, talons 3, able to fly
a: Fly


You were on level 4 of the Dungeon.
You were not hungry.

You visited 1 branch of the dungeon, and saw 4 of its levels.

You collected 246 gold pieces.

Inventory:

Hand Weapons
 a - a +2 dagger (weapon)
Missiles
 d - 26 poisoned darts (quivered)
 e - 2 curare-tipped darts
Armour
 c - a +0 cloak (worn)
 h - a +0 ring mail (worn)
 q - a +0 pair of gloves (worn)
Jewellery
 g - a ring of see invisible (left hand)
 j - an amulet of faith (around neck)
Scrolls
 m - 3 scrolls of remove curse {unknown}
 n - a scroll of identify {unknown}
 o - a scroll of magic mapping {unknown}
 p - a scroll of amnesia {unknown}
 r - a scroll of random uselessness {unknown}
 v - a scroll of teleportation {unknown}
Potions
 b - 2 potions of ambrosia {unknown}
 i - 3 potions of curing {unknown}
 k - a potion of flight {unknown}
 l - 2 potions of mutation {unknown}
 s - a potion of invisibility {unknown}
 t - a potion of degeneration {unknown}
 u - a potion of cancellation {unknown}
Comestibles
 f - 7 rations
 w - a chunk of flesh


   Skills:
 + Level 2.6 Fighting
 + Level 6.3 Short Blades
 - Level 2.0 Throwing
 + Level 2.1 Dodging
 - Level 4.0 Stealth


You had 5 spell levels left.
You didn't know any spells.
Your spell library was empty.

Dungeon Overview and Level Annotations

Branches:
Dungeon (4/15)
 Temple: D:4-7

Altars:
Cheibriados


Innate Abilities, Weirdness & Mutations

You have a beak for a mouth.
You have claws for feet.
You can fly continuously.


Message History

You kill the orc!
Your ring mail prevents you from hitting the orc priest.
Your peck misses the orc priest.
The orc priest mumbles some strange prayers to Beogh against you.
Beogh smites you!
You closely miss the orc priest. You hit the orc priest.
You claw the orc priest.
The orc priest is moderately wounded.
The orc priest invokes the aid of Beogh against you.
Pain shoots through your body!
* * * LOW HITPOINT WARNING * * *
You are too injured to fight recklessly!
You are too injured to fight recklessly!
You are too injured to fight recklessly!
You hit the orc priest but do no damage.
The orc priest is moderately wounded.
The orc priest looks satisfied for a moment.
The orc priest mumbles some strange prayers to Beogh against you.
Beogh smites you!
You die...

## .# ########.#
#oo@.....# #
#Z#####..#.# ..
#....#
#########.#..#
.........#..# #.
########.#..#####.#
########.......##.#
............>....[#
########..#..###..#


You could see 2 orc priests and an adder skeleton.

Vanquished Creatures
  A hound (D:4)
  An orc wizard (D:4)
  A worker ant (D:4)
  3 gnolls (D:3)
  6 adders
  2 worms (D:3)
  4 dart slugs
  3 leopard geckos
  6 orcs
  A ball python (D:2)
  8 bats
  6 giant cockroaches
  12 goblins
  7 hobgoblins
  3 jackals
  3 quokkas (D:4)
  4 frilled lizards
  7 kobolds
78 creatures vanquished.

Notes
Turn   | Place    | Note
-------+----------+-------------------------------------------
     0 | D:1      | xccam the Tengu Assassin began the quest for the Orb.
     0 | D:1      | Reached XP level 1. HP: 12/12 MP: 2/2
   158 | D:1      | Reached skill level 3 in Short Blades
   158 | D:1      | Reached XP level 2. HP: 17/17 MP: 3/3
   726 | D:1      | Reached XP level 3. HP: 11/21 MP: 4/4
  1063 | D:2      | Reached skill level 4 in Short Blades
  1414 | D:2      | Reached XP level 4. HP: 26/26 MP: 5/5
  1540 | D:2      | Found a snail-covered altar of Cheibriados.
  1985 | D:3      | Reached skill level 5 in Short Blades
  2404 | D:3      | Gained mutation: You can fly continuously. [Tengu growth]
  2404 | D:3      | Reached XP level 5. HP: 25/30 MP: 6/6
  3115 | D:4      | Reached skill level 6 in Short Blades
  3289 | D:4      | Noticed a phantom
  3599 | D:4      | Reached XP level 6. HP: 36/36 MP: 7/7
  3941 | D:4      | Killed from afar by an orc priest

Illustrated notes

Levels and vault maps discovered:
D:1:      scummos_arrival_checkerplants, layout_loops_cross, serial_glass,
          glass_columns_c, glass_columns_a, glass_columns_c, glass_columns_a,
          glass_columns_c
D:2:      layout_loops_ring, kennysheep_slug_shrine
D:3:      layout_rooms, first_ration, minmay_goblin_kobold_house
D:4:      layout_basic

Skill      XL: |  1  2  3  4  5  6 |
---------------+-------------------+-----
Short Blades   | 3 4 5 6 |  6.3
Dodging        | 2 |  2.1
Fighting       | |  2.6
Throwing       | |  2.0
Stealth        | |  4.0

Action                   |  1- 3 |  4- 6 || total
-------------------------+-------+-------++-------
Melee: Dagger            |    67 |   158 ||   225
       Kick              |    22 |    41 ||    63
       Peck              |    11 |    14 ||    25
 Stab: Sleeping          |     8 |     5 ||    13
       Distracted        |       |     1 ||     1
  Eat: Chunk             |     1 |     8 ||     9
Armor: Robe              |    14 |    20 ||    34
       Ring mail         |       |    18 ||    18
Dodge: Dodged            |    33 |    57 ||    90
